 Dungeon Crawl Stone Soup version 0.31-a0-1549-g5ff9445e89 (webtiles) character file.

Game seed: 53880731288230032

375 Xavori the Trooper (level 7, -22/51 HPs)
             Began as a Djinni Chaos Knight on Jan 2, 2024.
             Was a Plaything of Xom.
             Annihilated by a warg (29 damage)
             ... on level 4 of the Dungeon.
             The game lasted 00:02:46 (8062 turns).

Xavori the Trooper (Djinni Chaos Knight)            Turns: 8062, Time: 00:02:47

Health: -22/51     AC:  9    Str: 11    XL:     7   Next: 3%
Gold:   178        EV: 12    Int: 14    God:    Xom [......] SH:  5 Dex: 14

rFire   + + +        a - +0 falchion (chaos)
rCold   x . .        (no shield)
rNeg    . . .        b - +2 leather armour
rPois   ∞            (no helmet)
rElec   .            s - +2 cloak
rCorr   .            (no gloves)
SInv    +            (boots unavailable)
Will    +....        j - amulet of reflection
Stlth   +            u - ring of willpower
HPRegen 0.28/turn    (no ring)
MPRegen 0.00/turn

%: reflection, infuse magic (-23 HP)
@: flying, studying Staves
A: sickness immunity, fire resistance 3, cold vulnerability 1, float, innate
caster, HP casting, extra vitality 1, see invisible, shaggy fur 1
a: Renounce Religion


You were on level 4 of the Dungeon.
You worshipped Xom.
You were a very special plaything of Xom.
You visited 1 branch of the dungeon, and saw 4 of its levels.

You collected 178 gold pieces.

Inventory:

Hand Weapons
 a - a +0 falchion of chaos (weapon)
Armour
 b - a +2 leather armour (worn)
 e - a +0 cloak
 s - a +2 cloak (worn)
Jewellery
 j - an amulet of reflection (around neck)
 u - a ring of willpower (left hand)
Talismans
 r - a talisman of death
Wands
 l - a wand of light (5)
 p - a wand of flame (15)
Scrolls
 c - a scroll of butterflies
 g - 2 scrolls of fear
 h - a scroll of vulnerability
 i - a scroll of identify
 k - a scroll of teleportation
 q - 2 scrolls of silence
 t - a scroll of summoning {unknown}
 w - a scroll of enchant armour {unknown}
Potions
 d - 2 potions of degeneration {unknown}
 f - a potion of mutation {unknown}
 m - 2 potions of lignification {unknown}
 n - a potion of might
 o - a potion of curing {unknown}
 v - a potion of enlightenment {unknown}


   Skills:
 + Level 3.8 Fighting
 + Level 3.5 Long Blades
 + Level 2.5 Armour
 + Level 3.4 Dodging
 * Level 2.2 Spellcasting
 * Level 2.2 Conjurations
 * Level 2.2 Hexes
   Level 0.0 Charms
 * Level 2.2 Summonings
 * Level 2.2 Necromancy
 * Level 2.2 Translocations
   Level 0.0 Transmutations
 * Level 2.2 Fire Magic
 * Level 2.2 Ice Magic
 * Level 2.2 Air Magic
 * Level 2.2 Earth Magic
 * Level 2.2 Alchemy
 + Level 2.0 Evocations
 + Level 0.9 Shapeshifting


You knew the following spells:

 Your Spells              Type           Power      Damage    Failure   Level
a - Foxfire               Conj/Fire      28%        2x1d5     12%         1
b - Static Discharge      Conj/Air       14%        3-4/arc   19%         2
c - Dazzling Flash        Conj/Hex       14%        N/A       34%         3
Your spell library was empty.

Dungeon Overview and Level Annotations

Branches:
Dungeon (4/15)
 Temple: D:4-7

Altars:
Dithmenos
Xom

Shops:
D:2 :


Innate Abilities, Weirdness & Mutations

You are immune to sickness and miasma.
You are immune to poison.
Your flesh is almost immune to the effects of heat. (rF+++)
You are vulnerable to cold. (rC-)
You float through the air rather than walking.
You learn spells naturally, not from books.
Your magical power is your life essence.
You have superior vitality. (+4 MHP)
You have supernaturally acute eyesight. (SInv)
You are covered in fur. (AC +1)


Message History

The orc misses you.
Xom is mildly amused.
The orc barely misses itself.
You hit the orc.
The orc seems to grow stronger.
Xom thinks this is hilarious!
The orc is almost dead.
The orc gestures wildly.
The orc closely misses you.
You hit the orc but do no damage.
The orc is poisoned.
The orc is almost dead.
You kill the orc!
No target in view!
You see here a +0 hand axe.
There is an escape hatch in the floor here.
g - 2 scrolls of fear (gained 1)
An iguana comes into view.
An iguana is nearby!
An iguana is nearby!
Found a leather armour.
The iguana hisses angrily.
Xom's power touches on a nearby monster.
The iguana evaporates and reforms as a warg!
You hit the warg.
The warg seems to grow stronger.
The warg is lightly wounded.
The warg misses you. The warg barely misses you.
You hit the warg but do no damage.
The warg is lightly wounded.
The warg bites you!!
You hit the warg but do no damage.
The warg is lightly wounded.
You block the warg's attack.
The warg stops to sniff the ground.
The warg bites you!!
* * * LOW HITPOINT WARNING * * *
A shower of butterflies erupts from you!
Xom asks Qazlal to spice things up a little.
The warg bites you!!
Ouch! That really hurt!
You die...
Xom guffaws!

### #.. #.# #.# #.# #####
######### #.# ...#
#.......# #.#
#########.###.#####.###.#
#.[..b.h@.b...####...##.#
.....####b.b............#
#.# ##########...####
##.## # ##.##### ........
##.##### #.# # ..#


You could see a warg (strong, ally target).

Vanquished Creatures
  An ice beast (D:3)
  Ijyb (D:3)
  An ufetubus (D:4)
  2 ribbon worms
  7 orcs
  5 endoplasms
  A giant cockroach (D:3)
  8 goblins
  6 hobgoblins
  A jackal (D:4)
  A quokka (D:1)
  2 ball pythons
  5 bats
  2 frilled lizards (D:1)
  4 kobolds
  6 rats
53 creatures vanquished.

Vanquished Creatures (collateral kills)
  Sigmund (D:4)
  An adder (D:4)
  An ufetubus (D:4)
  2 orcs (D:4)
5 creatures vanquished.

Grand Total: 58 creatures vanquished

Notes
Turn   | Place    | Note
-------+----------+-------------------------------------------
     0 | D:1      | Xavori the Djinni Chaos Knight began the quest for the Orb.
     0 | D:1      | Reached XP level 1. HP: 20/20 MP: 0/0
   293 | D:1      | XOM: silly message
   299 | D:1      | Reached XP level 2. HP: 25/25 MP: 0/0
   684 | D:1      | XOM: potion effect (attraction)
   691 | D:1      | XOM: divination: detect items
  1205 | D:1      | XOM: silly message
  1320 | D:1      | XOM: noise
  4393 | D:1      | XOM: cloud trail
  4666 | D:1      | XOM: god gift: wand of light (6)
  4711 | D:1      | XOM: scenery: create altars
  4942 | D:1      | XOM: scenery: summon butterflies
  6112 | D:1      | XOM: god gift: rapier {god gift}
  6149 | D:1      | Identified the +5 hand cannon of Recklessness {heavy, rPois
                  | rF+ rC++ Str-3} (Xom gifted it to you on level 1 of the
                  | Dungeon)
  6149 | D:1      | XOM: god gift: +5 hand cannon of Recklessness {chaos, rPois
                  | rF+ rC++ Str-3}
  6162 | D:1      | XOM: give mutation
  6162 | D:1      | Gained mutation: You occasionally shout uncontrollably at
                  | your foes. [Xom's mischief]
  6276 | D:1      | XOM: god gift: murky white potion {god gift}
  6417 | D:1      | XOM: cloud trail
  6559 | D:1      | XOM: give mutations
  6559 | D:1      | Gained mutation: You are robust. (+10% HP) [Xom's grace]
  6559 | D:1      | Gained mutation: You have a pair of small horns on your
                  | head. [Xom's grace]
  6559 | D:1      | Gained mutation: Your muscles are strong. (Str +4, Int/Dex
                  | -1) [Xom's grace]
  6559 | D:1      | Gained mutation: Your flesh is almost immune to the effects
                  | of heat. (rF+++) [Xom's grace]
  6633 | D:2      | Reached XP level 3. HP: 32/33 MP: 0/0
  6633 | D:2      | Learned a level 1 spell: Foxfire
  6735 | D:2      | XOM: god gift: 38 gold pieces
  6744 | D:2      | Reached skill level 1 in Spellcasting
  6744 | D:2      | Reached skill level 1 in Conjurations
  6744 | D:2      | Reached skill level 1 in Hexes
  6744 | D:2      | Reached skill level 1 in Summonings
  6744 | D:2      | Reached skill level 1 in Necromancy
  6744 | D:2      | Reached skill level 1 in Translocations
  6744 | D:2      | Reached skill level 1 in Fire Magic
  6744 | D:2      | Reached skill level 1 in Ice Magic
  6744 | D:2      | Reached skill level 1 in Air Magic
  6744 | D:2      | Reached skill level 1 in Earth Magic
  6744 | D:2      | Reached skill level 1 in Alchemy
  6887 | D:2      | Found Egiamawn's Book Emporium.
  6968 | D:2      | XOM: give mutations
  6968 | D:2      | Lost mutation: Your muscles are strong. (Str +4, Int/Dex
                  | -1) [Xom's mischief]
  6968 | D:2      | Lost mutation: You have a pair of small horns on your head.
                  | [Xom's mischief]
  7046 | D:2      | XOM: give mutations
  7046 | D:2      | Gained mutation: You are covered in fur. (AC +1) [Xom's
                  | mischief]
  7046 | D:2      | Lost mutation: You are robust. (+10% HP) [Xom's mischief]
  7046 | D:2      | Lost mutation: You occasionally shout uncontrollably at
                  | your foes. [Xom's mischief]
  7046 | D:2      | Gained mutation: You have supernaturally acute eyesight.
                  | (SInv) [Xom's mischief]
  7153 | D:3      | Noticed an ice beast
  7158 | D:3      | XOM: silly message
  7161 | D:3      | Killed an ice beast
  7162 | D:3      | Reached skill level 1 in Evocations
  7162 | D:3      | Reached XP level 4. HP: 35/35 MP: 0/0
  7162 | D:3      | Reached XP level 5. HP: 40/40 MP: 0/0
  7162 | D:3      | Learned a level 2 spell: Static Discharge
  7201 | D:3      | Found a shadowy altar of Dithmenos.
  7201 | D:3      | Noticed Ijyb
  7211 | D:3      | Killed Ijyb
  7453 | D:3      | Found a faded altar of an unknown god.
  7811 | D:4      | XOM: silly message
  7830 | D:4      | Noticed Sigmund
  7839 | D:4      | XOM: noise
  7841 | D:4      | XOM: summons 5 friendly demons
  7843 | D:4      | Killed Sigmund
  7844 | D:4      | Reached XP level 6. HP: 30/47 MP: 0/0
  7871 | D:4      | Reached XP level 7. HP: 35/51 MP: 0/0
  7871 | D:4      | Learned a level 3 spell: Dazzling Flash
  8058 | D:4      | an iguana changed into a warg
  8058 | D:4      | Noticed a warg
  8058 | D:4      | XOM: polymorph iguana -> warg
  8061 | D:4      | XOM: butterfly on damage
  8062 | D:4      | XOM: chaos cloud
  8062 | D:4      | Annihilated by a warg

Illustrated notes

Levels and vault maps discovered:
D:1:      scummos_arrival_gate, layout_loops_ring
D:2:      layout_basic, serial_shops, nicolae_shop_trees, nicolae_the_louvre
D:3:      layout_loops_ring, mainiacjoe_overflow_alcove_4,
          chequers_ecumenical_altar_island, st_stairs_6, uniq_ijyb
D:4:      layout_loops_ring, kennysheep_little_box, nemelex_spade_bored_becter,
          kennysheep_generic_room_6, uniq_sigmund

Skill      XL: |  1  2  3  4  5  6 |
---------------+-------------------+-----
Spellcasting   | 1 2 |  2.2
Conjurations   | 1 2 |  2.2
Hexes          | 1 2 |  2.2
Summonings     | 1 2 |  2.2
Necromancy     | 1 2 |  2.2
Translocations | 1 2 |  2.2
Fire Magic     | 1 2 |  2.2
Ice Magic      | 1 2 |  2.2
Air Magic      | 1 2 |  2.2
Earth Magic    | 1 2 |  2.2
Alchemy        | 1 2 |  2.2
Long Blades    | 3 |  3.5
Evocations     | 1 2 |  2.0
Armour         | 2 |  2.5
Dodging        | 3 |  3.4
Fighting       | |  3.8
Shapeshifting  | |  0.9

Action                     |  1- 3 |  4- 6 |  7- 9 || total
---------------------------+-------+-------+-------++-------
  Melee: Falchion          |    83 |    83 |     9 ||   175
         Headbutt          |     5 |       |       ||     5
         Punch             |       |     1 |       ||     1
  Evoke: Wand              |     1 |       |       ||     1
    Use: Potion            |     1 |       |       ||     1
         Scroll            |       |     1 |     3 ||     4
   Stab: Invisible         |     1 |       |       ||     1
 Armour: Leather armour    |    36 |    52 |     4 ||    92
  Dodge: Dodged            |    40 |    55 |     5 ||   100
  Block: Other             |     4 |    21 |     1 ||    26

Table legend: (Time is in decaauts)
 A = Elapsed time spent in this place.
 B = Non-inter-level travel time spent in this place.
 C = Inter-level travel time spent in this place.
 D = Time resting spent in this place.
 E = Time spent auto-exploring this place.
 F = Levels seen in this place.
 G = Mean time per level.
                   A        B        C        D        E       F      G
               +--------+--------+--------+--------+--------+-----+--------+
         Total |   8088 |   7985 |    103 |   5730 |   1785 |   4 | 2022.0 |
       Dungeon |   8088 |   7985 |    103 |   5730 |   1785 |   4 | 2022.0 |
               +--------+--------+--------+--------+--------+-----+--------+

Top non-repeatable levels by time:
     D:1: 6574 daAuts
     D:3: 631 daAuts
     D:2: 592 daAuts
     D:4: 290 daAuts
